 Dungeon Crawl Stone Soup version 0.28-a0-773-g130ae17fe5 (webtiles) character file.

Game seed: 7627836516114781663

7188 Avanven the Grappler (level 10, -6/94 HPs)
             Began as a Troll Fighter on Nov 2, 2021.
             Was a Priest of the Shining One.
             Mangled by a boulder beetle (60 damage)
             ... on level 8 of the Dungeon.
             The game lasted 00:12:09 (6927 turns).

Avanven the Grappler (Troll Fighter)                Turns: 6927, Time: 00:12:10

Health: -6/94      AC:  4    Str: 29    XL:     10   Next: 87%
Magic:  12/14      EV:  8    Int:  4    God:    the Shining One [***...]
Gold:   461        SH: 17    Dex: 15    Spells: 9/9 levels left

rFire   . . .      SeeInvis .     - Unarmed
rCold   . . .      Faith    .   b - +0 kite shield
rNeg    + . .      Spirit   .   a - +0 robe
rPois   .          Reflect  .   (helmet restricted)
rElec   .          Harm     .   (no cloak)
rCorr   .          Rampage  .   (gloves unavailable)
Will    .....                   (boots unavailable)
Stlth   +.........              e - amulet of regeneration
HPRegen 2.25/turn               m - +6 ring of dexterity
MPRegen 0.14/turn               (no ring)

@: divinely shielded, glowing
A: large, unfitting armour, claws 3, regeneration 1, shaggy fur 1, tough skin 1
a: Renounce Religion, Divine Shield, Cleansing Flame


You were on level 8 of the Dungeon.
You worshipped the Shining One.
The Shining One was most pleased with you.
You visited 2 branches of the dungeon, and saw 10 of its levels.

You collected 461 gold pieces.

Inventory:

Armour
 a - a +0 robe (worn)
 b - a +0 kite shield (worn)
 z - +0 steam dragon scales
Jewellery
 e - an amulet of regeneration (around neck)
 g - a ring of fire
 m - a +6 ring of dexterity (left claw)
 u - a ring of wizardry
 v - a ring of fire
 w - a +4 ring of evasion
Wands
 c - a wand of mindburst (9)
 k - a wand of iceblast (7)
Scrolls
 d - 6 scrolls of enchant armour {unknown}
 f - a scroll of torment {unknown}
 h - 5 scrolls of identify
 i - 3 scrolls of teleportation
 j - a scroll of holy word {unknown}
 l - 2 scrolls of blinking
 o - a scroll of fear
 q - 2 scrolls of enchant weapon {unknown}
 x - 2 scrolls of noise {unknown}
 y - a scroll of immolation {unknown}
Potions
 n - 2 potions of curing
 p - a potion of magic {unknown}
 r - 3 potions of lignification {unknown}
 s - 2 potions of brilliance {unknown}
 t - 2 potions of attraction {unknown}
 A - a potion of ambrosia {unknown}


   Skills:
 - Level 4.6 Fighting
 - Level 2.4 Dodging
 - Level 2.4 Shields
 * Level 13.7 Unarmed Combat
 + Level 7.6 Invocations


You had 9 spell levels left.
You didn't know any spells.
Your spell library contained the following spells:

 Spells                   Type           Power      Damage    Failure   Level
 Ensorcelled Hibernation  Hex/Ice        0%         N/A       98%         2
 Confusing Touch          Hex            0%         N/A       100%        3
 Frozen Ramparts          Ice            0%         1d2       100%        3
 Spider Form              Tmut/Pois      0%         N/A       100%        3
 Tukima's Dance           Hex            0%         N/A       100%        3
 Fulminant Prism          Conj/Hex       0%         3d6       100%        4
 Summon Lightning Spire   Summ/Air       0%         N/A       100%        4
 Storm Form               Tmut/Air       0%         N/A       100%        7
 Maxwell's Capacitive Co  Air            0%         ∞         100%        8


Dungeon Overview and Level Annotations

Branches:
Dungeon (9/15)             Temple (1/1) D:4             Orc (0/2) D:9
   Lair: D:8-11

Altars:
Cheibriados
Dithmenos
Elyvilon
Fedhas
Gozag
Hepliaklqana
Kikubaaqudgha
Makhleb
Nemelex Xobeh
Okawaru
Qazlal
Ru
Sif Muna
Trog
Uskayaw
Vehumet
Wu Jian
Xom
Yredelemnul
Zin
The Shining One

Shops:
D:1 (   D:5 [   D:9 (


Innate Abilities, Weirdness & Mutations

You are too large for most types of armour.
You have claws for hands.
Your natural rate of healing is unusually fast.
You are covered in fur. (AC +1)
You have tough skin. (AC +1)


Message History

Where to? (Enter - D:8, ? - help)
There is an open door here.
Items here: ))) [[[.
Items here: )))) [[[[.
You see here a +0 flail.
There is a stone staircase leading up here.
You climb upwards.
You hear the hiss of flowing sand.
There is an entrance to an ossuary on this level.
Hurry and find it before the portal is buried!
The walls and floor vibrate strangely for a moment.
The boulder beetle curls into a ball and begins rolling!
There is a stone staircase leading down here.
You scratch the boulder beetle but do no damage.
The boulder beetle hits you!!
The boulder beetle stops rolling and uncurls.
You claw the boulder beetle!
The boulder beetle is lightly wounded.
The boulder beetle bites you!!
Your shield is strengthened by the Shining One's divine power.
You block the boulder beetle's attack.
You feel better. You block the boulder beetle's attack.
You claw the boulder beetle!
The boulder beetle is moderately wounded.
You block the boulder beetle's attack.
You scratch the boulder beetle but do no damage.
The boulder beetle is moderately wounded.
You block the boulder beetle's attack.
You claw the boulder beetle!
The boulder beetle is heavily wounded.
The boulder beetle bites you!!
You scratch the boulder beetle but do no damage.
The boulder beetle is heavily wounded.
You block the boulder beetle's attack.
You claw the boulder beetle!
The boulder beetle is heavily wounded.
The boulder beetle leaps!
The boulder beetle curls into a ball and begins rolling!
The boulder beetle hits you!!!
Ouch! That really hurt!
You die...

..)....# #........## #.#
.....................# ###
.....................#
..............#####..#
............## #..#
...........# ##..#
...........#######...##
............>.°.......##
...............#@B.....###
....
.............○)....... ...
.........###[.°.......
.......#.# #.#.....###
.........# #.......#
.....#.... ....#...#
........##.##.......# ..
##. .. #.###.... .. ..
.#..


You could see a boulder beetle (rolling).

Vanquished Creatures
  4 two-headed ogres
  A vampire (D:7)
  Sigmund (D:3)
  A shadow (D:7)
  2 wraiths (D:9)
  A steam dragon (D:8)
  Edmund (D:4)
  An acid dragon (D:5)
  A water moccasin (D:8)
  3 sky beasts (D:5)
  2 orc warriors
  4 black bears
  3 necrophages
  4 centaurs
  5 ogres
  2 kobold brigands
  2 bullfrogs
  A gnoll sergeant (D:5)
  5 scorpions
  3 wights (D:9)
  A howler monkey (D:5)
  2 centaur zombies
  A bullfrog zombie (D:6)
  4 jellies
  4 orc priests
  5 hounds
  A bullfrog skeleton (D:7)
  Ijyb (D:3)
  Terence (D:3)
  3 iguanas
  6 orc wizards
  A killer bee zombie (D:9)
  A hound skeleton (D:4)
  3 howler monkey zombies
  8 adders
  3 shadow imps
  2 white imps
  2 ufetubi (D:5)
  A worm (D:2)
  2 dart slugs
  33 orcs
  5 ball pythons
  8 bats
  6 endoplasms
  4 giant cockroaches
  7 hobgoblins
  A quokka (D:4)
  4 frilled lizards (D:2)
  10 goblins
  20 kobolds
  5 rats
202 creatures vanquished.

Vanquished Creatures (others)
  A quokka (D:5)
1 creature vanquished.

Grand Total: 203 creatures vanquished

Notes
Turn   | Place    | Note
-------+----------+-------------------------------------------
     0 | D:1      | Avanven the Troll Fighter began the quest for the Orb.
     0 | D:1      | Reached XP level 1. HP: 22/22 MP: 0/0
   218 | D:1      | Reached XP level 2. HP: 29/29 MP: 1/1
   404 | D:1      | Found Kuevec's Antique Weapon Shop.
   529 | D:1      | Reached skill level 3 in Unarmed Combat
   612 | D:1      | Reached XP level 3. HP: 36/36 MP: 2/2
  1238 | D:2      | Found a sparkling altar of Nemelex Xobeh.
  1477 | D:2      | Reached XP level 4. HP: 30/45 MP: 3/3
  2075 | D:3      | Noticed Ijyb
  2089 | D:3      | Killed Ijyb
  2090 | D:3      | Reached skill level 4 in Unarmed Combat
  2230 | D:3      | Noticed Sigmund
  2259 | D:3      | Killed Sigmund
  2260 | D:3      | Reached skill level 5 in Unarmed Combat
  2260 | D:3      | Reached XP level 5. HP: 23/54 MP: 4/4
  2260 | D:3      | Reached XP level 6. HP: 26/62 MP: 5/5
  2589 | D:3      | Noticed Terence
  2600 | D:3      | Killed Terence
  2853 | D:4      | Reached skill level 6 in Unarmed Combat
  2981 | D:4      | Found a staircase to the Ecumenical Temple.
  2987 | D:4      | Noticed Edmund
  3031 | D:4      | Killed Edmund
  3032 | D:4      | Reached XP level 7. HP: 45/71 MP: 6/6
  3041 | Temple   | Entered the Ecumenical Temple
  3255 | Temple   | Became a worshipper of the Shining One
  3353 | D:4      | Reached skill level 7 in Unarmed Combat
  3619 | D:5      | Entered Level 5 of the Dungeon
  3657 | D:5      | Found Tuzud's Antique Armour Shop.
  3723 | D:5      | Reached skill level 1 in Invocations
  3742 | D:5      | Found a shimmering altar of Xom.
  3753 | D:5      | Reached XP level 8. HP: 79/79 MP: 6/8
  3756 | D:5      | Reached skill level 8 in Unarmed Combat
  3810 | D:5      | Reached skill level 9 in Unarmed Combat
  3819 | D:5      | Reached * piety under the Shining One
  4031 | D:5      | Reached XP level 9. HP: 83/85 MP: 11/11
  4264 | D:5      | Found an opulent altar of Gozag.
  4379 | D:5      | Reached skill level 10 in Unarmed Combat
  4816 | D:6      | Found an iron altar of Okawaru.
  5077 | D:6      | Reached skill level 5 in Invocations
  5353 | D:7      | Got the Papyrus of Fetching Ice
  5396 | D:7      | Reached skill level 11 in Unarmed Combat
  5485 | D:7      | Reached ** piety under the Shining One
  5690 | D:7      | Found a burning altar of Makhleb.
  6062 | D:8      | Identified the +4 scale mail of Parlour Games {Int+7}
  6132 | D:8      | Noticed a two-headed ogre
  6134 | D:8      | Noticed a two-headed ogre
  6170 | D:8      | Killed a two-headed ogre
  6171 | D:8      | Reached skill level 12 in Unarmed Combat
  6171 | D:8      | Reached XP level 10. HP: 61/94 MP: 10/13
  6175 | D:8      | Killed a two-headed ogre
  6347 | D:8      | Noticed a boulder beetle
  6396 | D:9      | Found Januzuuch's Weapon Emporium.
  6419 | D:9      | Found a staircase to the Orcish Mines.
  6529 | D:9      | Noticed a two-headed ogre
  6536 | D:9      | Killed a two-headed ogre
  6537 | D:9      | Reached skill level 13 in Unarmed Combat
  6655 | D:9      | Noticed a two-headed ogre
  6666 | D:9      | Killed a two-headed ogre
  6776 | D:9      | Reached *** piety under the Shining One
  6927 | D:8      | Mangled by a boulder beetle

Illustrated notes

Levels and vault maps discovered:
D:1:      dpeg_arrival_pits, layout_basic, serial_shops, nicolae_shop_stone
D:2:      layout_basic, basic_altar
D:3:      layout_loops_corners, eino_tiny_chamber, uniq_ijyb, uniq_terence,
          uniq_sigmund
D:4:      layout_basic, minmay_temple_entry_large_hall, serial_curves,
          eino_curves_03, eino_curves_03, uniq_edmund
D:5:      layout_basic, xom_confusion_cloud, general_overflow_altar,
          serial_shops, shop, minmay_puff
D:6:      layout_cave_pods, mainiacjoe_overflow_concentric_impassable,
          kennysheep_generic_room_8
D:7:      layout_loops_ring, makhleb_grotto_becter, hangedman_decor_lopped
D:8:      layout_layer_cave, enter_ossuary_5, minmay_fractal_squares_5
D:9:      layout_roguey, orc_david_3
Temple:   bh_familiar_temple

Skill      XL: |  1  2  3  4  5  6  7  8  9 10 |
---------------+-------------------------------+-----
Unarmed Combat | 3 5 6 7 9 12 13 | 13.7
Fighting       | 3 4 |  4.6
Invocations    | 1 4 6 7 |  7.6
Dodging        | |  2.4
Shields        | |  2.4

Action                   |  1- 3 |  4- 6 |  7- 9 | 10-12 || total
-------------------------+-------+-------+-------+-------++-------
Melee: Unarmed           |   108 |   145 |   220 |    84 ||   557
Invok: Divine Shield     |       |       |     1 |     3 ||     4
  Use: Potion            |       |     6 |       |     3 ||     9
       Scroll            |       |     6 |       |       ||     6
 Stab: Sleeping          |       |     1 |       |       ||     1
Armor: Robe              |    42 |    30 |    32 |    17 ||   121
Dodge: Dodged            |    30 |    42 |    71 |    22 ||   165
Block: Kite shield       |    42 |    43 |    79 |    55 ||   219

Table legend: (Time is in decaauts)
 A = Elapsed time spent in this place.
 B = Non-inter-level travel time spent in this place.
 C = Inter-level travel time spent in this place.
 D = Time resting spent in this place.
 E = Time spent auto-exploring this place.
 F = Levels seen in this place.
 G = Mean time per level.
                   A        B        C        D        E       F      G
               +--------+--------+--------+--------+--------+-----+--------+
         Total |   6950 |   6769 |    181 |     22 |   5269 |  10 |  695.0 |
       Dungeon |   6696 |   6515 |    181 |     22 |   5091 |   9 |  744.0 |
        Temple |    254 |    254 |      0 |      0 |    178 |   1 |  254.0 |
               +--------+--------+--------+--------+--------+-----+--------+

Top non-repeatable levels by time:
     D:1: 1027 daAuts
     D:5: 968 daAuts
     D:3: 872 daAuts
     D:2: 819 daAuts
     D:6: 749 daAuts
     D:7: 653 daAuts
     D:4: 646 daAuts
     D:9: 557 daAuts
     D:8: 401 daAuts
  Temple: 254 daAuts
